 Dungeon Crawl Stone Soup version 0.27-a0-1140-g099f9bb0e8 (webtiles) character file.

Game seed: 5211164715573741292

749 dolemite99 the Cleaver (level 7, -2/51 HPs)
             Began as a Minotaur Monk on May 8, 2021.
             Slain by a sky beast (5 damage)
             ... on level 4 of the Dungeon.
             The game lasted 00:05:23 (4908 turns).

dolemite99 the Cleaver (Minotaur Monk)              Turns: 4908, Time: 00:05:24

Health: -2/51      AC:  5    Str: 18    XL:     7   Next: 48%
Magic:  6/6        EV: 12    Int:  7    God:
Gold:   173        SH:  0    Dex: 12    Spells: 6/6 levels left

rFire    . . .     SeeInvis .   a - +0 hand axe
rCold    . . .     Faith    .   (no shield)
rNeg     . . .     Spirit   .   m - +0 ring mail
rPois    .         Reflect  .   (helmet restricted)
rElec    .         Harm     .   (no cloak)
rCorr    .         Rampage  .   (no gloves)
Will     +....                  (no boots)
Stlth    +.........             (no amulet)
HPRegen  0.17/turn              (no ring)
MPRegen  0.10/turn              (no ring)

@: studying Evocations
A: horns 2, retaliatory headbutt, frail 1, strong-willed 1
a: no special abilities


You were on level 4 of the Dungeon.
You visited 1 branch of the dungeon, and saw 5 of its levels.

You collected 173 gold pieces.

Inventory:

Hand Weapons
 a - a +0 hand axe (weapon)
 h - a +3 dagger
 i - a +0 hunting sling
 B - a +0 shortbow
Missiles
 e - 122 stones (quivered)
 g - 63 arrows
 p - 6 boomerangs
 q - 15 sling bullets
 v - 33 bolts
 w - a curare-tipped dart
 y - a throwing net
Armour
 b - a +0 robe
 m - a +0 ring mail (worn)
 o - a +0 kite shield
Magical Staves
 x - a staff of earth
Jewellery
 l - an amulet of guardian spirit
Scrolls
 j - a scroll of blinking {unknown}
 k - 2 scrolls of identify {unknown}
 r - 3 scrolls of teleportation {unknown}
 s - 4 scrolls of magic mapping {unknown}
 t - 2 scrolls of fog {unknown}
Potions
 d - a potion of magic {unknown}
 n - a potion of flight {unknown}
 u - a potion of brilliance {unknown}
 z - a potion of haste {unknown}
 A - a potion of berserk rage {unknown}


   Skills:
 - Level 3.6 Fighting
 - Level 9.6 Axes
 + Level 5.2 Dodging
 - Level 1.5 Stealth


You had 6 spell levels left.
You didn't know any spells.
Your spell library was empty.

Dungeon Overview and Level Annotations

Branches:
Dungeon (5/15)
 Temple: D:4-7

Altars:

Annotations:
D:1 1 runed translucent door


Innate Abilities, Weirdness & Mutations

You have a pair of horns on your head.
You reflexively headbutt those who attack you in melee.
You are frail. (-10% HP)
You are strong-willed. (Will+)


Message History

The sky beast is moderately wounded.
The sky beast flickers out of sight!
Deactivating autopickup; reactivate with Ctrl-A.
Something hits you. Something shocks you.
You barely miss something. Something barely misses you.
You miss something. Something hits you. Something shocks you.
A sky beast appears from thin air!
Reactivating autopickup.
You closely miss the sky beast.
The sky beast is moderately wounded.
The sky beast hits you but does no damage.
You barely miss the sky beast. You headbutt the sky beast.
The sky beast is moderately wounded.
The sky beast flickers out of sight!
Deactivating autopickup; reactivate with Ctrl-A.
Something hits you. Something shocks you.
* * * LOW HITPOINT WARNING * * *
It was a potion of mutation.
You feel extremely strange.
You feel frail.
You feel strong-willed. Something hits you but does no damage.
It was a potion of curing.
You feel better. Something hits you. Something shocks you.
* * * LOW HITPOINT WARNING * * *
You feel better. Something hits you. Something shocks you.
You hit something. You headbutt something. You hit something but do no damage.
Something hits you.
* * * LOW HITPOINT WARNING * * *
Something shocks you.
* * * LOW HITPOINT WARNING * * *
You miss something. Something completely misses you.
You feel better. Something hits you. Something shocks you.
* * * LOW HITPOINT WARNING * * *
You hit something. You headbutt something. Something hits you.
* * * LOW HITPOINT WARNING * * *
Something shocks you.
* * * LOW HITPOINT WARNING * * *
You hit something. Something hits you.
* * * LOW HITPOINT WARNING * * *
Something shocks you.
You die...

....##..#.###########
###.###.#.#.........#
#.###.#.#.........#
###.#.....#........>#
......##..#.........#
...#...#............#
.#.#.#.#..#.........#
..###....##.........#
.##.#######....{@...#
#...................#
.##.#######.........#
..###....##.........#
.#.#.#....#.........#
...#....#...#)###+###
........##..#<..[.#
........##...########
###.................#


There were no monsters in sight!

Vanquished Creatures
  A necrophage (D:4)
  A centaur (D:5)
  A kobold brigand (D:4)
  A bullfrog (D:4)
  2 scorpions
  A jelly (D:5)
  An orc priest (D:5)
  A bullfrog skeleton (D:4)
  An iguana (D:5)
  A howler monkey zombie (D:4)
  4 gnolls (D:4)
  4 adders
  A river rat (D:4)
  2 ufetubi
  An adder skeleton (D:4)
  2 worms (D:2)
  3 dart slugs
  8 orcs
  7 bats
  8 endoplasms
  4 giant cockroaches
  6 goblins
  3 hobgoblins (D:1)
  9 jackals
  4 quokkas
  4 ball pythons
  6 frilled lizards
  6 kobolds
  8 rats
101 creatures vanquished.

Notes
Turn   | Place    | Note
-------+----------+-------------------------------------------
     0 | D:1      | dolemite99 the Minotaur Monk began the quest for the Orb.
     0 | D:1      | Reached XP level 1. HP: 19/19 MP: 0/0
     1 | D:1      | Found a runed translucent door.
     2 | D:1      | Noticed a jelly
     3 | D:1      | Noticed a jelly
    48 | D:1      | Reached skill level 4 in Axes
   216 | D:1      | Reached XP level 2. HP: 26/26 MP: 1/1
   588 | D:1      | Reached skill level 5 in Axes
   637 | D:1      | Reached XP level 3. HP: 22/31 MP: 2/2
  1898 | D:2      | Reached skill level 6 in Axes
  1898 | D:2      | Reached XP level 4. HP: 36/39 MP: 3/3
  2780 | D:4      | Noticed a kobold brigand
  2782 | D:4      | Noticed a scorpion
  2794 | D:4      | Killed a kobold brigand
  2795 | D:4      | Reached skill level 7 in Axes
  2795 | D:4      | Reached XP level 5. HP: 36/45 MP: 4/4
  3157 | D:4      | Noticed a necrophage
  3169 | D:4      | Killed a necrophage
  3170 | D:4      | Reached skill level 8 in Axes
  3170 | D:4      | Reached XP level 6. HP: 34/51 MP: 5/5
  3313 | D:4      | Reached skill level 9 in Axes
  3325 | D:5      | Entered Level 5 of the Dungeon
  3325 | D:5      | Noticed a sky beast
  3583 | D:4      | Reached XP level 7. HP: 40/57 MP: 6/6
  4801 | D:5      | Reached skill level 5 in Dodging
  4900 | D:4      | Gained mutation: You are frail. (-10% HP) [potion of
                  | mutation]
  4900 | D:4      | Gained mutation: You are strong-willed. (Will+) [potion of
                  | mutation]
  4908 | D:4      | Slain by a sky beast

Illustrated notes

Levels and vault maps discovered:
D:1:      dpeg_arrival_caged_fury, layout_basic, skrybe_limestone_x,
          grunt_decor_cap, minmay_surrounded
D:2:      layout_loops_cross, grunt_ministairs_14, lemuel_old_faithful
D:3:      layout_loops_ring, minmay_tree_intersection
D:4:      layout_basic, serial_curves, eino_curves_03, eino_curves_02,
          gup_sewer_entry_bubbles, minmay_manual_monstrance
D:5:      minmay_chambers_of_threes, layout_loops_cross, amcnicky_altar_gilded,
          grunt_temple_overflow_open, temple_green

Skill      XL: |  1  2  3  4  5  6  7 |
---------------+----------------------+-----
Axes           | 4 5 6 7 8 9 |  9.6
Dodging        | 5 |  5.2
Fighting       | |  3.6
Stealth        | |  1.5

Action                   |  1- 3 |  4- 6 |  7- 9 || total
-------------------------+-------+-------+-------++-------
Melee: Hand axe          |    87 |   113 |    86 ||   286
       Headbutt          |    16 |    16 |    19 ||    51
Throw: Stone             |    15 |     8 |     3 ||    26
  Use: Potion            |       |       |     4 ||     4
 Stab: Sleeping          |     3 |       |       ||     3
Armor: Robe              |    14 |       |       ||    14
       Ring mail         |       |    24 |    28 ||    52
Dodge: Dodged            |    73 |    79 |    33 ||   185

Table legend: (Time is in decaauts)
 A = Elapsed time spent in this place.
 B = Non-inter-level travel time spent in this place.
 C = Inter-level travel time spent in this place.
 D = Time resting spent in this place.
 E = Time spent auto-exploring this place.
 F = Levels seen in this place.
 G = Mean time per level.
                   A        B        C        D        E       F      G
               +--------+--------+--------+--------+--------+-----+--------+
         Total |   4924 |   4766 |    158 |   1116 |   2577 |   5 |  984.8 |
       Dungeon |   4924 |   4766 |    158 |   1116 |   2577 |   5 |  984.8 |
               +--------+--------+--------+--------+--------+-----+--------+

Top non-repeatable levels by time:
     D:4: 1642 daAuts
     D:1: 1124 daAuts
     D:3: 1053 daAuts
     D:2: 936 daAuts
     D:5: 168 daAuts
